 Dungeon Sprint DCSS version 0.30-a0-1161-g0704695555 (webtiles) character file.

Game seed: 3002718563640773398

975 sircluck the Cleaver (level 8, -8/124 HPs)
             Began as a Hill Orc Berserker on Apr 27, 2023.
             Was a Priest of Trog.
             Succumbed to Sonja's poison
             ... in the Dungeon (Sprint I: "Red Sonja").
             The game lasted 00:01:27 (462 turns).

sircluck the Cleaver (Hill Orc Berserker)            Turns: 462, Time: 00:01:28

Health: -8/124     AC:  8    Str: 22    XL:     8   Next: 16%
Magic:  8/8        EV: 11    Int:  7    God:    Trog [***...]
Gold:   297        SH:  0    Dex: 10    Spells: 7/7 levels left

rFire   . . .        a - +0 hand axe
rCold   . . .        (no shield)
rNeg    . . .        j - +0 scale mail
rPois   .            (no helmet)
rElec   .            (no cloak)
rCorr   .            (no gloves)
SInv    .            (no boots)
Will    .....        (no amulet) Stlth
                     (no ring)
HPRegen 0.40/turn    (no ring)
MPRegen 0.11/turn

%: no teleportation
@: berserking, lethally poisoned (-8 -> -72), very quick
A: no striking features
a: Renounce Religion, Berserk, Trog's Hand


You were in the Dungeon.
You worshipped Trog.
Trog was most pleased with you.
You visited 1 branch You collected 297 gold pieces.

Inventory:

Hand Weapons
 a - a +0 hand axe (weapon)
Armour
 b - a +0 animal skin
 j - a +0 scale mail (worn)
Wands
 i - a wand of flame (17)
 k - a wand of polymorph (4)
Scrolls
 h - a scroll of blinking
 l - a scroll of fog {unknown}
Potions
 c - a potion of curing
 d - a potion of heal wounds
 e - a potion of haste
 f - 2 potions of magic
 g - a potion of berserk rage


   Skills:
 + Level 12.0 Fighting
 + Level 14.6 Axes
 + Level 7.6 Armour
 + Level 5.7 Dodging
 + Level 0.6 Stealth
 + Level 0.2 Unarmed Combat


You had 7 spell levels left.
You didn't know any spells.
Your spell library was empty.

Dungeon Overview and Level Annotations

Branches:
Dungeon (1/1)

Altars:
Cheibriados
Dithmenos
Elyvilon
Fedhas
Gozag
Hepliaklqana
Kikubaaqudgha
Okawaru
Qazlal
Ru
Sif Muna
Trog
Uskayaw
Vehumet
Wu Jian
Yredelemnul
Zin
The Shining One

Shops:
D !


Message History

You feel extremely sick.
You slash Sonja!
Sonja is severely wounded.
You feel very sick. Sonja closely misses you.
Sonja hits you with a +2 short sword of venom.
* * * LOW HITPOINT WARNING * * *
Sonja hits you with a +2 short sword of venom.
* * * LOW HITPOINT WARNING * * *
You are more poisoned.
You completely miss Sonja.
Sonja is severely wounded.
* * * LOW HITPOINT WARNING * * *
You feel extremely sick.
Unknown command.
You closely miss Sonja.
Sonja is severely wounded.
* * * LOW HITPOINT WARNING * * *
You feel very sick.
Sonja hits you with a +2 short sword of venom.
* * * LOW HITPOINT WARNING * * *
You are more poisoned.
Sonja closely misses you.
Sonja hits you with a +2 short sword of venom.
* * * LOW HITPOINT WARNING * * *
You are more poisoned.
You slash Sonja!
You kill Sonja!
Trog accepts your kill.
Trog appreciates your killing of a magic user.
* * * LOW HITPOINT WARNING * * *
You feel very sick.
Your Fighting skill gained 2 levels and is now at level 12!
Your Axes skill gained 2 levels and is now at level 14!
Your Armour skill gained 2 levels and is now at level 7!
Your Dodging skill increases to level 5!
You have reached level 7!
You have reached level 8!
Okay, then.
You die...

#..').#..)..#..+
#..#####'#####'#
#..# #..#...#)#
#..#__####..##.#
#..#_____##'#_.+
#⌠⌠#_.∩...'..._#
####_..__##_.#+#


____ ##)# ### #@# +$.$+ #$.$# ##.## #+# There were no monsters in sight!

Vanquished Creatures
  Sonja (D)
  Sigmund (D)
  A yak (D)
  An ogre (D)
  A jelly (D)
  Ijyb (D)
6 creatures vanquished.

Notes
Turn   | Place    | Note
-------+----------+-------------------------------------------
     0 | D        | sircluck the Hill Orc Berserker began the quest for the
                  | Orb.
     0 | D        | Reached XP level 1. HP: 19/19 MP: 1/1
     1 | D        | Noticed Ijyb
    10 | D        | Killed Ijyb
    11 | D        | Reached skill level 5 in Fighting
    11 | D        | Reached skill level 6 in Axes
    11 | D        | Reached XP level 2. HP: 18/29 MP: 2/2
    11 | D        | Reached XP level 3. HP: 23/36 MP: 3/3
    80 | D        | Noticed an ogre
    86 | D        | Killed an ogre
    87 | D        | Reached skill level 8 in Axes
    87 | D        | Reached XP level 4. HP: 30/47 MP: 4/4
   287 | D        | Noticed Sigmund
   318 | D        | Killed Sigmund
   318 | D        | Reached ** piety under Trog
   319 | D        | Reached skill level 10 in Axes
   319 | D        | Reached skill level 5 in Armour
   319 | D        | Reached XP level 5. HP: 57/57 MP: 5/5
   319 | D        | Reached XP level 6. HP: 64/64 MP: 6/6
   379 | D        | Found an ornate altar of the Wu Jian Council.
   379 | D        | Found a shimmering blue altar of Sif Muna.
   382 | D        | Found a radiant altar of Vehumet.
   386 | D        | Reached skill level 11 in Axes
   440 | D        | Found Nyur's Distillery.
   440 | D        | Found an ancient bone altar of Kikubaaqudgha.
   440 | D        | Found a hazy altar of Hepliaklqana.
   440 | D        | Found a hide-covered altar of Uskayaw.
   440 | D        | Found a basalt altar of Yredelemnul.
   440 | D        | Found an opulent altar of Gozag.
   440 | D        | Found a snail-covered altar of Cheibriados.
   440 | D        | Found a sacrificial altar of Ru.
   440 | D        | Found a shadowy altar of Dithmenos.
   440 | D        | Noticed a yak
   449 | D        | Killed a yak
   450 | D        | Reached skill level 10 in Fighting
   450 | D        | Reached skill level 12 in Axes
   450 | D        | Found a stormy altar of Qazlal.
   450 | D        | Found a blossoming altar of Fedhas.
   450 | D        | Found a bloodstained altar of Trog.
   450 | D        | Found an iron altar of Okawaru.
   450 | D        | Found a glowing golden altar of the Shining One.
   450 | D        | Found a glowing silver altar of Zin.
   450 | D        | Found a white marble altar of Elyvilon.
   453 | D        | Noticed Sonja
   461 | D        | Killed Sonja
   461 | D        | Reached *** piety under Trog
   461 | D        | HP: 1/100 [poisoned by Sonja]
   462 | D        | Reached skill level 14 in Axes
   462 | D        | Reached skill level 5 in Dodging
   462 | D        | Reached XP level 7. HP: 2/77 MP: 7/7
   462 | D        | Reached XP level 8. HP: 2/83 MP: 8/8
   462 | D        | Succumbed to Sonja's poison

Illustrated notes

Levels and vault maps discovered:
D:        dungeon_sprint_1 [red_sonja_temple_1, red_sonja_temple_small_1]

Skill      XL: |  1  2  3  4  5  6 |
---------------+-------------------+-----
Fighting       | 5 7 9 12 | 12.0
Axes           | 6 8 10 14 | 14.6
Dodging        | 2 3 4 5 |  5.7
Armour         | 3 5 7 |  7.6
Stealth        | |  0.6
Unarmed Combat | |  0.2

Action                     |  1- 3 |  4- 6 |  7- 9 || total
---------------------------+-------+-------+-------++-------
  Melee: Hand axe          |    12 |    23 |       ||    35
         Unarmed           |       |     1 |       ||     1
 Invoke: Berserk           |     2 |     3 |       ||     5
 Armour: Scale mail        |       |     6 |       ||     6
  Dodge: Dodged            |     2 |    14 |       ||    16

Table legend: (Time is in decaauts)
 A = Elapsed time spent in this place.
 B = Non-inter-level travel time spent in this place.
 C = Inter-level travel time spent in this place.
 D = Time resting spent in this place.
 E = Time spent auto-exploring this place.
 F = Levels seen in this place.
 G = Mean time per level.
                   A        B        C        D        E       F      G
               +--------+--------+--------+--------+--------+-----+--------+
         Total |    496 |    496 |      0 |    352 |     23 |   1 |  496.0 |
       Dungeon |    496 |    496 |      0 |    352 |     23 |   1 |  496.0 |
               +--------+--------+--------+--------+--------+-----+--------+

Top non-repeatable levels by time:
       D: 496 daAuts
